Akuaku, neutral male human Barbarian --- -------- --- |.. ---|..--..| --.-- -.. ----- ---.--......-- |...| ... |...---- --............| --- --..| -- --..- |......| |............-| --.-- |..--.. |.... ---- ---....---- --.............| |...----------..|.- ...--..| ---- --......| |.......--.....--- |.................| -.....--|..--- |......----|-......|----....| --..------..^....-- -.....--....| --.--.....--.......| |....| ---- --.....-- |<..........| -----............-- ---.-- |.--...|---------........--- ---..........| --- . --..--..--.---........| --.........---- - -..........|.........|-------- |............| .--..................--..--..------------.....----^.| . |...........--.............(..C.?...........| -.-- --...........-----.........>%.@%%--------....--- .------------- |.............................................................| --.........----------*.....--.....-------......--.. --------- |...^---...| |..--.----.---- |........... --..-- --..| |..|--- --- --.----.|.--- ---- ---- ---- --- --- Akuaku the Bandit Experience level: 9 Strength: 18/01 Dexterity: 16 Constitution: 19 Intelligence: 7 Wisdom: 7 Charisma: 7 Health: 0(95) Energy: 18(18) Def: 1 Gold: 1930 Moves: 9796 Dungeon seed: BcFlb6tAV7pAsPm- Game ID: Akuaku_1442516626 Your Inventory: Coins $ - 1930 gold pieces Weapons a - a very corroded +0 two-handed sword (weapon in hands) h - 13 cursed -1 darts k - a +0 orcish dagger s - a +0 sling V - 4 poisoned +0 orcish arrows Armor e - a blessed burnt +1 dwarvish cloak (being worn) q - an uncursed very rotted +0 leather armor (being worn) N - an uncursed burnt +0 pair of jumping boots (being worn) Comestibles K - an uncursed partly eaten tripe ration Potions m - an uncursed potion of sickness Rings H - an uncursed ring of stealth named u R - an uncursed ring of slow digestion named u S - an uncursed ring of free action named u Wands A - a wand of fire (0:6) C - a wand of cold (0:7) D - a wand of enlightenment (0:10) G - a wand of probing (0:4) O - a wand of opening (0:3) P - a wand of slow monster (0:5) Q - a wand of light (0:12) W - a wand of magic missile (0:3) Tools b - an uncursed bag of holding named Of Holding j - a +0 pick-axe w - an uncursed magic whistle J - a +0 unicorn horn X - an uncursed lock pick Gems n - an uncursed flint stone named Touch r - an uncursed worthless piece of green glass Contents of the bag of holding named Of Holding: 1500 gold pieces 6 uncursed food rations an uncursed orange a cursed scroll of earth an uncursed scroll of earth named earth an uncursed scroll of enchant weapon a blessed scroll of magic mapping an uncursed scroll of remove curse 2 uncursed scrolls of teleportation a cursed potion of enlightenment 2 uncursed potions of gain ability an uncursed potion of invisibility an uncursed potion of monster detection an uncursed potion of object detection 2 uncursed potions of restore ability a cursed ring of hunger named curse a cursed ring of regeneration named curse a wand of death (0:2) a wand of digging (0:5) a wand of enlightenment (0:9) a wand of sleep named sleep (0:3) an uncursed leather drum 7 uncursed tallow candles (0:200) a tinning kit (0:55) an uncursed obsidian stone an uncursed worthless piece of violet glass Spells and supernatural/magical abilities: Name Level Category Fail Memory W - pray for help -- divine ? -- Y - supernatural jump -- ability ? -- Your skills at the end: Fighting Skills bare handed combat [Basic] Weapon Skills axe [Basic] two-handed sword [Expert] Spellcasting Skills Final Attributes: You were devoutly aligned. You were poison resistant. You could jump. You were fast. You were lucky. You are dead. Vanquished creatures: a giant mimic a large cat an elf mummy a gremlin a leprechaun an orc-captain a giant spider an ice vortex 2 gnome kings 5 ogres 3 brown puddings a gold golem a lizard 3 chickatrices a dingo 3 jaguars a dwarf lord a black unicorn a raven a gnome mummy 2 snakes 2 human zombies 2 soldier ants a fire ant 2 Uruk-hai an orc shaman a rock piercer a rock mole a fog cloud 6 gnome lords 2 gnomish wizards a gray ooze a ghoul a straw golem a baby crocodile 5 giant ants a little dog a floating eye 2 kittens 8 dwarves 2 homunculi 12 rothes a rabid rat 2 centipedes a monkey 5 orc zombies 2 wererats a werejackal 2 iguanas 20 killer bees 2 acid blobs 5 coyotes 2 gas spores 5 hobbits 3 large kobolds 2 hobgoblins 3 giant rats 4 cave spiders 3 brown molds a yellow mold 4 green molds 4 red molds 19 gnomes a gnome zombie 3 geckos 13 jackals 4 foxen 3 kobolds a goblin 3 sewer rats 10 grid bugs 6 lichens 3 kobold zombies 9 newts 234 creatures vanquished. Voluntary challenges: You used a wielded weapon 324 times, starting on turn 83. You read items or engraved 33 times, starting on turn 87. You never genocided any monsters. You never polymorphed an object. You never changed form. You cheated 1 time but completed Sokoban on turn 8129. You used no wishes. You split 2 puddings, starting on turn 6021. You wrote Elbereth's name 21 times, starting on turn 1299. You violated your moral code, losing 1 point of alignment, starting on turn 4774. Dungeon overview: The Dungeons of Doom: levels 1 to 9 Level 1 a fountain a long staircase Level 2 a fountain Level 3 Level 4 a fountain stairs to The Gnomish Mines Level 5 a fountain Level 6 Level 7 many fountains Level 8 stairs to Sokoban Level 9 The Gnomish Mines: levels 5 to 7 Level 5 stairs to The Dungeons of Doom Level 6 Level 7 <- You were here Sokoban: levels 4 to 7 Level 4 Level 5 Level 6 Level 7 stairs to The Dungeons of Doom History has recorded: On T:1 you entered the Dungeons of Doom to retrieve the Amulet of Yendor! On T:416 you reached level 2 of The Dungeons of Doom. On T:459 you advanced to experience level 2. On T:802 you reached level 3 of The Dungeons of Doom. On T:1142 you advanced to experience level 3. On T:1268 you reached level 4 of The Dungeons of Doom. On T:1664 you reached level 5 of The Dungeons of Doom. On T:1972 you advanced to experience level 4. On T:2082 you reached level 6 of The Dungeons of Doom. On T:2744 you advanced to experience level 5. On T:2783 you reached level 7 of The Dungeons of Doom. On T:3002 you received advice from The Oracle. On T:3002 you advanced to experience level 6. On T:3255 you reached level 8 of The Dungeons of Doom. On T:3592 you reached level 9 of The Dungeons of Doom. On T:3790 you advanced to experience level 7. On T:4513 you reached level 4 of Sokoban. On T:4999 you reached level 3 of Sokoban. On T:5399 you reached level 2 of Sokoban. On T:5570 you advanced to experience level 8. On T:5806 you reached level 1 of Sokoban. On T:8129 you entered the Sokoban zoo. On T:8639 you advanced to experience level 9. On T:8960 you reached level 1 of The Gnomish Mines. On T:9092 you reached level 2 of The Gnomish Mines. On T:9529 you reached level 3 of The Gnomish Mines. Score breakdown: Gold: 3430 ( 343 points) Experience: 9 levels ( 800 points) Exploration: 9 levels ( 240 points) Discoveries: 18 items ( 900 points) Variety of kills: 74 monsters ( 2000 points) Major goal: finished Sokoban ( 1000 points) Survival: died (score multiplied by 3) Total score: 15849 Latest messages: Your legs feel shorter. You kill the giant spider! The forest centaur zaps a wand of fire! The bolt of fire hits you! Your boots smoulder! The bolt of fire bounces! The bolt of fire hits you! Your cloak smoulders! Your scroll labeled ELBIB YLOH catches fire and burns! You die... Final status: Goodbye Akuaku the Barbarian, killed by a bolt of fire... You died in The Gnomish Mines on dungeon level 7 with 15849 points, and 3430 pieces of gold, after 9796 moves. You were level 9 with a maximum of 95 hit points when you died.